 Dungeon Crawl Stone Soup version 0.29-a0-1023-g6ae1a4a2c7 (webtiles) character file.

Game seed: 18006251961739648000

172 2tc the Skirmisher (level 5, -3/30 HPs)
             Began as a Kobold Hunter on Aug 11, 2022.
             Was a Believer of Trog.
             Slain by Blork the orc
             ... wielding a +2 antimagic war axe
              (7 damage)
             ... on level 4 of the Dungeon.
             The game lasted 00:07:05 (3116 turns).

2tc the Skirmisher (Kobold Hunter)                  Turns: 3116, Time: 00:07:06

Health: -3/30      AC:  6    Str:  8    XL:     5   Next: 83%
Magic:  0/5        EV: 14    Int: 11    God:    Trog [**....]
Gold:   82         SH:  0    Dex: 20    Spells: 4/4 levels left

rFire   . . .      SeeInvis .   a - +1 shortbow (flame)
rCold   . . .      Faith    .   (shield currently unavailable)
rNeg    . . .      Spirit   .   c - +0 leather armour
rPois   .          Reflect  .   e - +0 helmet
rElec   .          Harm     .   m - +0 cloak
rCorr   .          Rampage  .   q - +0 pair of gloves
Will    +++..                   (no boots)
Stlth   +++.......              (no amulet)
HPRegen 1.10/turn               g - ring of willpower
MPRegen 0.09/turn               (no ring)

@: strong-willed, regenerating
A: small, no large weapons, nightstalker 3
a: Renounce Religion, Berserk, Trog's Hand


You were on level 4 of the Dungeon.
You worshipped Trog.
Trog was pleased with you.
You visited 1 branch of the dungeon, and saw 4 of its levels.

You collected 82 gold pieces.

Inventory:

Hand Weapons
 a - a +1 shortbow of flaming (weapon)
 k - a +1 dagger of venom
Armour
 c - a +0 leather armour (worn)
 e - a +0 helmet (worn)
 m - a +0 cloak (worn)
 q - a +0 pair of gloves (worn)
Jewellery
 g - a ring of willpower (left hand)
Scrolls
 b - 2 scrolls of immolation
 p - a scroll of teleportation
Potions
 d - a potion of flight {unknown}
 f - 2 potions of mutation
 h - 2 potions of brilliance
 i - a potion of resistance {unknown}
 j - 2 potions of curing
 l - a potion of heal wounds {unknown}
 o - a potion of magic {unknown}
 r - a potion of berserk rage {unknown}


   Skills:
 - Level 2.1 Fighting
 * Level 8.7 Ranged Weapons
 - Level 2.4 Dodging
 - Level 1.3 Stealth


You had 4 spell levels left.
You didn't know any spells.
Your spell library was empty.

Dungeon Overview and Level Annotations

Branches:
Dungeon (4/15)
 Temple: D:4-7

Altars:
Fedhas
Hepliaklqana
Kikubaaqudgha
Sif Muna
Trog
Xom
Yredelemnul

Shops:
D:2 =

Annotations:
D:4 Blork the orc


Innate Abilities, Weirdness & Mutations

You are small and have problems with some larger weapons.
You are completely attuned to the shadows.


Message History

No target in view!
Found a stone staircase leading down.
You see here a +0 robe.
Found 3 stones.
A goblin comes into view.
It is wielding a +1 dagger of protection.
Found 6 stones.
You shoot an arrow. The arrow hits the goblin.
The arrow burns the goblin.
You kill the goblin!
Trog accepts your kill.
Things that are here:
a +1 dagger of protection; a goblin corpse
Found a whip.
Blork the orc comes into view.
He is wielding a +2 antimagic war axe.
You aren't carrying any items that you can evoke.
Okay, then.
You shoot an arrow.
The arrow hits Blork the orc but does no damage.
Blork the orc shouts!
You shoot an arrow. The arrow hits Blork the orc.
The arrow burns Blork the orc.
Blork the orc is lightly wounded.
Blork the orc miscasts a cantrip.
You shoot an arrow. The arrow hits Blork the orc!
The arrow burns Blork the orc.
Blork the orc is heavily wounded.
Blork the orc drinks a potion.
Blork the orc is healed!
You shoot an arrow. The arrow closely misses Blork the orc.
Blork the orc hits you with a +2 antimagic war axe!
You feel your power leaking away.
Your skin crawls.
You feel strong-willed.
Blork the orc points at you and mumbles some strange words.
The puff of frost hits you!
* * * LOW HITPOINT WARNING * * *
Blork the orc attacks as you move away!
Blork the orc hits you with a +2 antimagic war axe.
* * * LOW HITPOINT WARNING * * *
Blork the orc attacks as you move away!
Blork the orc hits you with a +2 antimagic war axe!
You die...

....### .....
...# $.. ....
#.#####.#
#o##)...#
####@##....#####
.........(....(#
.)....#...#.##.#
......#...#.##.#
......#...#.##.#
#######...#..#.#
........#
#####.### #..#


You could see Blork the orc.

Vanquished Creatures
  Terence (D:2)
  A hound zombie (D:3)
  Robin (D:2)
  2 adders
  An adder skeleton (D:3)
  2 dart slugs (D:1)
  2 orcs (D:3)
  4 endoplasms
  5 giant cockroaches
  16 goblins
  10 hobgoblins
  11 jackals
  2 quokkas (D:3)
  9 ball pythons
  5 bats
  3 frilled lizards
  5 kobolds
  A quokka skeleton (D:3)
  3 rats
84 creatures vanquished.

Notes
Turn   | Place    | Note
-------+----------+-------------------------------------------
     0 | D:1      | 2tc the Kobold Hunter began the quest for the Orb.
     0 | D:1      | Reached XP level 1. HP: 12/12 MP: 1/1
   196 | D:1      | Reached XP level 2. HP: 16/17 MP: 2/2
   200 | D:1      | Reached skill level 6 in Ranged Weapons
   318 | D:1      | Reached XP level 3. HP: 21/21 MP: 3/3
  1140 | D:1      | Found a faded altar of an unknown god.
  1146 | D:1      | Prayed at the altar of an unknown god.
  1146 | D:1      | Became a worshipper of Trog the Wrathful
  1146 | D:1      | Reached * piety under Trog
  1311 | D:2      | Found Ejipn's Jewellery Shoppe.
  1326 | D:2      | Reached skill level 7 in Ranged Weapons
  1516 | D:2      | Noticed Robin
  1521 | D:2      | Reached XP level 4. HP: 22/26 MP: 4/4
  1525 | D:2      | Killed Robin
  2253 | D:2      | Noticed Terence
  2256 | D:2      | Killed Terence
  2256 | D:2      | Reached ** piety under Trog
  2257 | D:2      | Reached skill level 8 in Ranged Weapons
  2257 | D:2      | Reached XP level 5. HP: 30/30 MP: 5/5
  2396 | D:3      | Found a shimmering blue altar of Sif Muna.
  2482 | D:3      | Found a hazy altar of Hepliaklqana.
  2483 | D:3      | Found a shimmering altar of Xom.
  2484 | D:3      | Noticed a phantom
  2485 | D:3      | Noticed a spectral ugly thing
  2639 | D:3      | Found an ancient bone altar of Kikubaaqudgha.
  2640 | D:3      | Found a blossoming altar of Fedhas.
  2641 | D:3      | Found a basalt altar of Yredelemnul.
  3109 | D:4      | Noticed Blork the orc
  3116 | D:4      | Slain by Blork the orc

Illustrated notes

Levels and vault maps discovered:
D:1:      dpeg_arrival_simpleton_b, layout_loops_ring,
          shapermc_ecumenical_altar_pompeii, nrook_mini_backslash
D:2:      layout_basic, serial_shops, nicolae_shop_crystal, uniq_terence,
          uniq_robin
D:3:      layout_rooms, regret_index_temple_of_mockery,
          chequers_temple_overflow_statue_of_worship,
          nicolae_sif_muna_condensation, serial_undead, serial_undead_f,
          serial_undead_b, serial_undead_e, serial_undead_e, serial_undead_c,
          serial_undead_d, minmay_misc_feat_rows, st_stairs_2
D:4:      layout_basic, uniq_blork_the_orc

Skill      XL: |  1  2  3  4 |
---------------+-------------+-----
Ranged Weapons | 6 7 8 |  8.7
Fighting       | |  2.1
Dodging        | |  2.4
Stealth        | |  1.3

Action                   |  1- 3 |  4- 6 || total
-------------------------+-------+-------++-------
 Fire: Shortbow          |    92 |    95 ||   187
Invok: Trog's Hand       |       |     1 ||     1
  Use: Scroll            |     4 |     5 ||     9
       Potion            |     1 |       ||     1
Armor: Leather armour    |    18 |    11 ||    29
Dodge: Dodged            |    52 |    25 ||    77

Table legend: (Time is in decaauts)
 A = Elapsed time spent in this place.
 B = Non-inter-level travel time spent in this place.
 C = Inter-level travel time spent in this place.
 D = Time resting spent in this place.
 E = Time spent auto-exploring this place.
 F = Levels seen in this place.
 G = Mean time per level.
                   A        B        C        D        E       F      G
               +--------+--------+--------+--------+--------+-----+--------+
         Total |   3151 |   3064 |     87 |    100 |   2532 |   4 |  787.8 |
       Dungeon |   3151 |   3064 |     87 |    100 |   2532 |   4 |  787.8 |
               +--------+--------+--------+--------+--------+-----+--------+

Top non-repeatable levels by time:
     D:1: 1321 daAuts
     D:2: 1062 daAuts
     D:3: 578 daAuts
     D:4: 188 daAuts
